Map: Dusk Towers

Players

PotatoLord

  • Race: Protoss Protoss
  • League: Gold

lesha - Winner!

  • Race: Terran Terran
  • League: Gold

VOD

Have the link to the VOD?

Description

Time

  • Played on: Jan. 14, 2016, 10:33 a.m.
  • Length: 13:49
Show
View Real Time Build Order
Export as new Build Order

PotatoLord Protoss 

Build Orders: 1 Gate Expand 

Get SALT Encoding   

  12  0:01  Probe (Chrono Boost)  
  13  0:12  Probe (Chrono Boost)  
  14  0:17  Pylon  
  14  0:22  Probe (Chrono Boost)  
  15  0:36  Probe (Chrono Boost)  
  15  0:37  Gateway  
  16  0:46  Probe (Chrono Boost)  
  16  0:49  Assimilator  
  17  1:13  Nexus  
  17  1:18  Probe (Chrono Boost)  
  18  1:27  Pylon  
  18  1:29  Zealot  
  20  1:50  Cybernetics Core  
  20  1:53  Probe (Chrono Boost)  
  21  1:59  Zealot  
  23  2:15  Forge  
  23  2:20  Probe (Chrono Boost)  
  24  2:27  Warp Gate  
  24  2:32  Mothership Core (Chrono Boost)  
  26  2:37  Adept  
  26  2:42  Assimilator  
  28  2:47  Probe (Chrono Boost)  
  28  2:50  Assimilator  
  29  2:56  Gateway  
  29  2:58  Probe (Chrono Boost)  
  30  3:01  Photon Cannon  
  30  3:07  Probe (Chrono Boost)  
  30  3:09  Probe (Chrono Boost)  
  32  3:14  Pylon  
  32  3:19  Stalker  
  34  3:26  Probe (Chrono Boost)  
  34  3:27  Probe (Chrono Boost)  
  36  3:35  Pylon  
  36  3:38  Probe (Chrono Boost)  
  36  3:39  Probe (Chrono Boost)  
  38  3:51  Protoss Ground Weapons Level 1  
  38  3:53  Stalker  
  40  4:08  Probe x2 (Chrono Boost)  
  42  4:11  Assimilator  
  42  4:18  Probe (Chrono Boost)  
  43  4:25  Robotics Facility  
  43  4:27  Pylon  
  43  4:28  Gateway  
  43  4:31  Probe x2 (Chrono Boost)  
  45  4:41  Probe x2 (Chrono Boost)  
  47  4:51  Zealot, Stargate  
  49  4:57  Stalker  
  51  5:14  Gateway  
  51  5:16  Gateway  
  51  5:17  Observer  
  52  5:24  Stalker x2  
  52  5:25  Pylon  
  52  5:28  Pylon  
  56  5:53  Twilight Council  
  56  5:55  Pylon  
  56  5:57  Stalker  
  56  6:02  Nexus  
  58  6:07  Stalker  
  60  6:13  Stalker  
  62  6:24  Stalker  
  64  6:28  Blink (Chrono Boost)  
  64  6:37  Stalker  
  64  6:38  Stalker  
  68  6:40  Immortal  
  72  6:50  Phoenix (Chrono Boost)  
  74  7:05  Stalker x3  
  80  7:15  Phoenix (Chrono Boost)  
  76  7:50  Stalker x3  
  82  7:52  Probe  
  82  7:53  Probe x2  
  82  7:55  Immortal  
  89  8:05  Probe x2  
  91  8:13  Photon Cannon  
  91  8:15  Photon Cannon  
  91  8:18  Probe  
  91  8:19  Probe x2  
  94  8:21  Pylon  
  94  8:37  Zealot x3  
  94  8:39  Immortal  
  103  8:58  Stalker x2  
  103  8:59  Stalker, Zealot x2  
  103  9:01  Probe  
  103  9:02  Probe  
  114  9:03  Probe  
  116  9:22  Nexus  
  117  9:30  Pylon  
  116  9:43  Gateway  
  116  9:44  Protoss Shields Level 1, Warp Prism  
  116  9:47  Gateway  
  116  9:50  Probe, Robotics Bay  
  116  9:51  Probe  
  116  9:52  Probe  
  119  9:58  Assimilator  
  119  10:03  Assimilator  
  119  10:18  Stalker x2, Charge  
  119  10:19  Zealot  
  125  10:30  Pylon  
  125  10:32  Pylon  
  125  10:34  Immortal (Chrono Boost)  
  129  10:35  Pylon  
  129  10:41  Pylon  
  129  10:43  Pylon  
  129  10:47  Pylon  
  129  10:58  Robotics Facility  
  129  11:01  Gravitic Drive  
  129  11:08  Adept  
  129  11:11  Stalker x2, Disruptor (Chrono Boost)  
  134  11:12  Zealot x2  
  134  11:13  Phoenix  
  144  11:20  Forge  
  144  11:21  Forge  
  144  11:27  Stalker  
  144  11:35  Oracle  
  144  11:38  Protoss Ground Armor Level 1  
  144  11:43  Stalker x3  
  144  11:45  Probe x2  
  155  11:52  Disruptor (Chrono Boost)  
  158  12:20  Stalker x2, Zealot x2  
  158  12:21  Zealot x2  
  116  12:42  Zealot x4  
  116  12:43  Stalker x3  
  84  12:47  Disruptor (Chrono Boost)  
  74  13:03  Stalker x3  
  74  13:04  Stalker  
Show
View Real Time Build Order
Export as new Build Order

lesha Terran - Winner!

Build Orders: MMM Bio 

Get SALT Encoding   

  12  0:01  SCV  
  13  0:13  SCV  
  14  0:17  Supply Depot  
  14  0:25  SCV  
  15  0:39  SCV  
  15  0:40  Barracks  
  16  0:51  SCV  
  16  0:56  Refinery  
  17  1:05  SCV  
  19  1:18  SCV  
  19  1:30  Orbital Command  
  19  1:42  Command Center  
  19  1:44  Barracks Reactor  
  19  1:53  Supply Depot  
  19  2:02  SCV  
  20  2:14  Barracks  
  20  2:22  SCV, Factory  
  21  2:28  Marine x2  
  23  2:34  SCV, Refinery  
  24  2:46  SCV, Marine x2  
  28  2:58  SCV, Orbital Command  
  28  3:06  Barracks Tech Lab  
  28  3:09  Marine  
  28  3:10  SCV  
  28  3:12  Marine  
  31  3:14  Factory Tech Lab  
  31  3:22  SCV  
  31  3:25  SCV  
  33  3:32  Engineering Bay, Marine  
  34  3:34  SCV  
  34  3:37  SCV  
  34  3:39  Stimpack  
  34  3:40  Marine  
  38  3:44  Marauder  
  38  3:47  SCV  
  40  3:53  Siege Tank  
  43  3:56  SCV  
  43  3:59  Marine x2  
  46  4:07  Barracks  
  46  4:13  Starport  
  46  4:22  Supply Depot  
  46  4:24  Terran Infantry Weapons Level 1  
  46  4:43  SCV x2, Marine  
  49  4:46  Refinery  
  49  4:50  Refinery, Marine  
  49  4:51  Marine  
  51  4:56  SCV x2, Supply Depot  
  51  4:59  Supply Depot  
  53  5:01  Barracks Reactor  
  53  5:02  Starport Reactor  
  53  5:14  Marine  
  53  5:17  Marine  
  53  5:18  Marauder  
  53  5:20  Supply Depot  
  57  5:24  Siege Tank  
  57  5:27  SCV  
  57  5:28  SCV  
  62  5:34  Marine  
  62  5:35  Command Center, Marine  
  64  5:38  Marine  
  64  5:39  SCV, Medivac  
  64  5:40  SCV  
  64  5:42  Medivac  
  71  5:53  Supply Depot  
  71  5:55  SCV x2  
  73  6:04  Marine x4  
  73  6:06  Marauder  
  73  6:07  SCV x2  
  81  6:19  SCV  
  81  6:20  SCV  
  81  6:22  Missile Turret, Marine x2  
  85  6:28  Missile Turret  
  85  6:42  SCV x2  
  85  6:43  Marine x3  
  85  6:44  Marine x2  
  92  6:52  Barracks  
  92  6:54  SCV  
  92  6:56  Barracks  
  92  6:58  SCV  
  94  7:03  Marine x3  
  94  7:04  Marine  
  94  7:06  SCV, Marauder  
  101  7:10  SCV  
  102  7:21  Marine  
  91  7:42  Marine  
  91  7:43  Marine x3  
  90  7:47  Marine  
  91  7:51  SCV  
  91  7:52  SCV  
  91  7:53  Orbital Command  
  91  8:00  Marine x2  
  91  8:02  Barracks Tech Lab x2  
  91  8:04  SCV  
  94  8:14  Supply Depot  
  94  8:21  SCV x3  
  94  8:22  Supply Depot x2, Engineering Bay, Marine x4  
  94  8:23  Armory, Marauder x3  
  94  8:26  Medivac  
  109  8:35  Medivac  
  109  8:36  SCV  
  112  8:43  Terran Infantry Armor Level 1  
  112  8:44  Missile Turret  
  112  8:45  Missile Turret, Marauder x3  
  118  8:54  Missile Turret  
  118  8:56  Refinery, Medivac  
  118  8:57  Refinery, Missile Turret  
  118  8:58  SCV  
  118  8:59  SCV x2, Marine x3  
  118  9:00  Command Center, Marine  
  127  9:05  Marine  
  128  9:10  SCV  
  129  9:17  Marine x2  
  129  9:18  Marauder  
  133  9:26  Marauder, Marine x3  
  133  9:30  Supply Depot  
  133  9:31  Supply Depot  
  138  9:32  Supply Depot  
  138  9:35  Marauder  
  138  9:36  SCV x3  
  138  9:37  Marine  
  144  9:39  Marauder, Medivac  
  144  9:41  Combat Shields  
  144  9:43  Concussive Shells  
  144  9:44  Marine  
  149  9:51  Marine  
  150  9:54  Supply Depot  
  150  9:55  Supply Depot, Terran Infantry Weapons Level 2  
  150  9:56  Supply Depot  
  150  10:02  Marine x3  
  150  10:03  Marine  
  150  10:04  Marauder  
  158  10:07  Marauder  
  158  10:29  Marine x4  
  158  10:30  Marauder  
  158  10:31  Marauder x2  
  158  10:33  Medivac  
  158  10:34  Medivac  
  172  10:42  Terran Infantry Armor Level 2  
  172  10:52  Marauder x3  
  172  10:54  Orbital Command  
  172  10:56  SCV x2  
  180  10:57  SCV  
  180  11:02  Refinery x2  
  181  11:05  Marine x4  
  181  11:08  Missile Turret  
  181  11:09  Missile Turret  
  185  11:13  Marauder x2, Marine  
  185  11:17  Terran Vehicle Weapons Level 1  
  190  11:29  Barracks, Marine x4  
  190  11:30  Barracks  
  190  11:31  Marauder  
  196  11:33  SCV x2, Barracks  
  196  11:34  SCV x2  
  200  12:20  Command Center  
  185  12:39  Marine x4  
  185  12:40  Barracks Tech Lab, Marauder x3  
  185  12:41  Barracks Tech Lab  
  183  12:49  Medivac  
  185  12:54  Barracks Tech Lab  
  185  13:01  Marauder x2  
Tags
 
Composition
MMM Bio
League
GoldGold
Matchup
PvT
Add a new tag
Caveats
  • Supply blocks, unpowered buildings, or Contaminate may cause inaccurate times.
  • Supply counts are checked every 10 seconds.